[ AOE2 MATCH · #477523086 ]
UnrankedFranks vs Malay
[ REPLAY ANALYSIS · EXTRACTED FROM THE RECORDED GAME ]
Feudal
9:18
Castle
—
Imperial
—
| APM avg | 47.7 |
| APM peak | 95 |
| eAPM avg | 21.6 |
| Villagers / military | 43 / 13 |
Focus
⚔️ 26.6% · 🌾 73.4%
Scout Cavalry ×13
Feudal
7:58
Castle
—
Imperial
—
| APM avg | 37.9 |
| APM peak | 51 |
| eAPM avg | 20.3 |
| Villagers / military | 38 / 24 |
Focus
⚔️ 45.9% · 🌾 54.1%
Archer ×18 · Spearman ×5 · Skirmisher ×1
Feudal
9:16
Castle
12:55
Imperial
—
| APM avg | 83.3 |
| APM peak | 112 |
| eAPM avg | 28.1 |
| Villagers / military | 30 / 0 |
Focus
⚔️ 32.3% · 🌾 67.7%
Unknown (1962) ×8
Feudal
9:46
Castle
—
Imperial
—
| APM avg | 49.9 |
| APM peak | 100 |
| eAPM avg | 19.8 |
| Villagers / military | 74 / 17 |
Focus
⚔️ 27.5% · 🌾 72.5%
Archer ×17
Feudal
8:52
Castle
—
Imperial
—
| APM avg | 66.1 |
| APM peak | 112 |
| eAPM avg | 14.0 |
| Villagers / military | 37 / 12 |
Focus
⚔️ 21.1% · 🌾 78.9%
Scout Cavalry ×12
Feudal
8:30
Castle
—
Imperial
—
| APM avg | 101.8 |
| APM peak | 142 |
| eAPM avg | 34.8 |
| Villagers / military | 48 / 38 |
Focus
⚔️ 23.7% · 🌾 76.3%
Scout Cavalry ×38
Feudal
9:19
Castle
—
Imperial
—
| APM avg | 59.3 |
| APM peak | 89 |
| eAPM avg | 18.9 |
| Villagers / military | 42 / 13 |
Focus
⚔️ 42.0% · 🌾 58.0%
Scout Cavalry ×13
Feudal
8:11
Castle
—
Imperial
—
| APM avg | 54.0 |
| APM peak | 79 |
| eAPM avg | 24.9 |
| Villagers / military | 46 / 23 |
Focus
⚔️ 52.6% · 🌾 47.4%
Archer ×23
Match map
Initial resources + every placement click. Lines = walls · curves = elevation contours. ◆ gold · ⬟ stone · ● berries · ✦ relic · ◌ wall gap
Your base· Open — unwalled flank
CoSchiDo's base· Open — 4t gap
Fs.Palada com Cabelo's base· Open — unwalled flank
nono12's base· Open — 3t gap
Pelopincho's base· Open — unwalled flank
Fs.Bily's base· Open — 15t gap
[CLB]PEGASO's base· Open — unwalled flank
Floripa's base· Open — unwalled flank
Smoothed initial terrain · ◌ = detected wall gap · hover for details
Inputs per minute
— Fs.Maju - - CoSchiDo
Build order — Fs.Maju
104 actions detected in the replay
| 0:04 | Create | Villager (Male) |
| 0:04 | Create | Villager (Male) |
| 0:05 | Create | Villager (Male) |
| 0:05 | Create | Villager (Male) |
| 0:06 | Build | House |
| 0:08 | Build | House |
| 1:40 | Create | Villager (Male) |
| 1:40 | Create | Villager (Male) |
| 2:19 | Create | Villager (Male) |
| 2:28 | Build | Lumber Camp |
| 2:42 | Create | Villager (Male) |
| 3:07 | Create | Villager (Male) |
| 3:07 | Create | Villager (Male) |
| 3:17 | Create | Villager (Male) |
| 3:38 | Build | House |
| 4:11 | Create | Villager (Male) |
| 4:11 | Create | Villager (Male) |
| 4:24 | Build | House |
| 4:29 | Create | Villager (Male) |
| 5:11 | Build | Mill |
| 5:23 | Create | Villager (Male) |
| 5:45 | Create | Villager (Male) |
| 5:55 | Create | Villager (Male) |
| 5:55 | Create | Villager (Male) |
| 5:59 | Research | Loom |
| 7:08 | Research | Feudal Age |
| 7:30 | Build | Lumber Camp |
| 7:52 | Create | Villager (Male) |
| 8:30 | Build | Barracks |
| 8:52 | Create | Villager (Male) |
| 9:18 | Age | Feudal Age |
| 9:26 | Build | Stable |
| 9:29 | Create | Villager (Male) |
| 9:33 | Research | Double-Bit Axe |
| 9:42 | Create | Villager (Male) |
| 10:11 | Create | Scout Cavalry |
| 10:11 | Create | Scout Cavalry |
| 10:11 | Create | Scout Cavalry |
| 10:17 | Build | House |
| 10:21 | Build | House |
| 10:32 | Create | Scout Cavalry |
| 10:32 | Create | Villager (Male) |
| 10:40 | Build | Farm |
| 10:57 | Build | House |
| 10:58 | Build | House |
| 11:02 | Build | Farm |
| 11:07 | Create | Villager (Male) |
| 11:09 | Build | Farm |
| 11:10 | Build | Farm |
| 11:22 | Create | Scout Cavalry |
| 11:26 | Create | Villager (Male) |
| 11:33 | Build | Farm |
| 11:40 | Build | Farm |
| 11:42 | Build | Farm |
| 11:54 | Build | House |
| 12:00 | Create | Scout Cavalry |
| 12:01 | Create | Villager (Male) |
| 12:06 | Build | Farm |
| 12:20 | Create | Scout Cavalry |
| 12:21 | Create | Villager (Male) |
| 12:25 | Create | Villager (Male) |
| 12:27 | Build | Farm |
| 12:41 | Build | House |
| 12:43 | Build | House |
| 12:46 | Build | Palisade Wall |
| 12:57 | Build | Farm |
| 12:59 | Create | Villager (Male) |
| 13:13 | Build | Blacksmith |
| 13:17 | Create | Scout Cavalry |
| 13:18 | Create | Villager (Male) |
| 13:22 | Build | Farm |
| 13:30 | Create | Scout Cavalry |
| 13:37 | Create | Villager (Male) |
| 14:07 | Research | Scale Barding Armor |
| 14:17 | Create | Villager (Male) |
| 14:18 | Create | Villager (Male) |
| 14:19 | Build | Farm |
| 14:20 | Build | Farm |
| 14:20 | Build | Farm |
| 14:20 | Build | Farm |
| 14:30 | Create | Scout Cavalry |
| 14:30 | Create | Villager (Male) |
| 14:33 | Build | Farm |
| 14:46 | Create | Villager (Male) |
| 14:47 | Create | Villager (Male) |
| 15:21 | Research | Forging |
| 15:30 | Create | Villager (Male) |
| 15:30 | Create | Villager (Male) |
| 15:32 | Build | Mining Camp |
| 15:55 | Create | Scout Cavalry |
| 15:55 | Create | Scout Cavalry |
| 16:03 | Create | Scout Cavalry |
| 16:22 | Create | Villager (Male) |
| 16:22 | Create | Villager (Male) |
| 16:25 | Build | Farm |
| 16:28 | Create | Villager (Male) |
| 16:45 | Build | Farm |
| 17:21 | Build | Farm |
| 17:24 | Build | Farm |
| 17:27 | Build | Farm |
| 17:30 | Build | Farm |
| 17:35 | Research | Wheelbarrow |
| 17:36 | Create | Villager (Male) |
| 17:58 | Create | Villager (Male) |
Build order — CoSchiDo
108 actions detected in the replay
| 0:00 | Create | Villager (Male) |
| 0:01 | Create | Villager (Male) |
| 0:02 | Build | House |
| 0:04 | Build | House |
| 0:22 | Create | Villager (Male) |
| 0:23 | Create | Villager (Male) |
| 1:31 | Create | Villager (Male) |
| 1:43 | Build | House |
| 1:53 | Create | Villager (Male) |
| 2:22 | Create | Villager (Male) |
| 2:47 | Build | Lumber Camp |
| 2:50 | Create | Villager (Male) |
| 3:07 | Build | House |
| 3:10 | Create | Villager (Male) |
| 3:22 | Create | Villager (Male) |
| 3:43 | Create | Villager (Male) |
| 3:48 | Build | House |
| 3:56 | Create | Villager (Male) |
| 4:24 | Create | Villager (Male) |
| 5:02 | Create | Villager (Male) |
| 5:30 | Build | Mill |
| 5:44 | Create | Villager (Male) |
| 6:05 | Create | Villager (Male) |
| 6:12 | Build | House |
| 6:36 | Research | Feudal Age |
| 7:38 | Create | Villager (Male) |
| 7:55 | Build | Barracks |
| 7:58 | Age | Feudal Age |
| 8:05 | Research | Double-Bit Axe |
| 8:08 | Create | Villager (Male) |
| 8:44 | Research | Loom |
| 8:45 | Create | Villager (Male) |
| 8:46 | Create | Spearman |
| 8:55 | Build | House |
| 9:09 | Create | Spearman |
| 9:25 | Build | Archery Range |
| 9:36 | Build | House |
| 9:40 | Create | Villager (Male) |
| 9:55 | Create | Villager (Male) |
| 9:59 | Create | Villager (Male) |
| 10:13 | Create | Archer |
| 10:18 | Build | Mining Camp |
| 10:23 | Build | Archery Range |
| 10:36 | Create | Villager (Male) |
| 10:40 | Build | House |
| 10:49 | Create | Skirmisher |
| 11:05 | Build | Blacksmith |
| 11:22 | Create | Villager (Male) |
| 11:25 | Create | Villager (Male) |
| 11:25 | Create | Archer |
| 11:27 | Create | Spearman |
| 11:39 | Build | House |
| 11:42 | Build | Palisade Gate |
| 11:44 | Build | House |
| 11:57 | Build | Palisade Wall |
| 11:58 | Create | Villager (Male) |
| 12:29 | Build | Palisade Wall |
| 12:36 | Create | Villager (Male) |
| 12:39 | Create | Archer |
| 12:39 | Create | Archer |
| 12:48 | Build | Lumber Camp |
| 12:55 | Create | Archer |
| 12:55 | Create | Archer |
| 12:59 | Create | Villager (Male) |
| 13:01 | Build | Farm |
| 13:10 | Create | Archer |
| 13:22 | Build | Palisade Wall |
| 13:24 | Create | Villager (Male) |
| 13:31 | Build | Farm |
| 13:33 | Build | Farm |
| 13:39 | Create | Archer |
| 13:42 | Build | Palisade Wall |
| 13:52 | Create | Villager (Male) |
| 14:24 | Build | Farm |
| 14:26 | Build | Farm |
| 14:27 | Create | Archer |
| 14:27 | Create | Archer |
| 14:44 | Research | Fletching |
| 14:46 | Build | Farm |
| 15:00 | Create | Villager (Male) |
| 15:01 | Create | Archer |
| 15:02 | Create | Archer |
| 15:21 | Create | Spearman |
| 15:35 | Create | Villager (Male) |
| 15:36 | Build | Farm |
| 15:38 | Build | Farm |
| 15:39 | Build | Farm |
| 15:41 | Build | Farm |
| 15:43 | Create | Archer |
| 15:43 | Create | Archer |
| 15:47 | Build | House |
| 15:49 | Build | House |
| 15:58 | Build | House |
| 16:02 | Build | House |
| 16:21 | Create | Archer |
| 16:24 | Create | Archer |
| 16:24 | Create | Archer |
| 16:26 | Create | Villager (Male) |
| 16:44 | Create | Villager (Male) |
| 16:48 | Create | Villager (Male) |
| 16:53 | Create | Villager (Male) |
| 17:11 | Create | Archer |
| 17:38 | Create | Villager (Male) |
| 17:42 | Create | Spearman |
| 17:43 | Create | Villager (Male) |
| 17:46 | Build | Farm |
| 17:49 | Build | Lumber Camp |
| 17:51 | Build | Farm |
Build order — Fs.Palada com Cabelo
69 actions detected in the replay
| 0:00 | Create | Villager (Male) |
| 0:01 | Create | Villager (Male) |
| 0:02 | Build | House |
| 0:03 | Build | House |
| 0:11 | Create | Villager (Male) |
| 0:12 | Create | Villager (Male) |
| 1:31 | Create | Villager (Male) |
| 1:59 | Create | Villager (Male) |
| 2:08 | Build | Lumber Camp |
| 2:20 | Create | Villager (Male) |
| 2:21 | Create | Villager (Male) |
| 2:44 | Create | Villager (Male) |
| 3:10 | Create | Villager (Male) |
| 3:11 | Create | Villager (Male) |
| 3:35 | Create | Villager (Male) |
| 3:49 | Build | House |
| 3:50 | Build | Palisade Wall |
| 4:00 | Create | Villager (Male) |
| 4:28 | Create | Villager (Male) |
| 4:28 | Create | Villager (Male) |
| 5:14 | Build | Mill |
| 5:25 | Create | Villager (Male) |
| 5:26 | Create | Villager (Male) |
| 5:26 | Create | Villager (Male) |
| 6:03 | Create | Villager (Male) |
| 6:05 | Research | Loom |
| 6:54 | Research | Feudal Age |
| 7:03 | Build | House |
| 8:16 | Create | Villager (Male) |
| 8:16 | Create | Villager (Male) |
| 9:16 | Age | Feudal Age |
| 9:21 | Build | Market |
| 9:27 | Build | Blacksmith |
| 10:15 | Research | Castle Age |
| 10:16 | Research | Castle Age |
| 11:01 | Build | House |
| 11:32 | Build | House |
| 11:40 | Build | Farm |
| 11:44 | Build | Farm |
| 11:47 | Build | Farm |
| 11:56 | Create | Villager (Male) |
| 12:04 | Build | Farm |
| 12:48 | Build | Mining Camp |
| 12:50 | Create | Villager (Male) |
| 12:51 | Create | Villager (Male) |
| 12:55 | Age | Castle Age |
| 13:02 | Build | Siege Workshop |
| 13:36 | Create | Unit 1962 |
| 13:36 | Create | Unit 1962 |
| 14:04 | Create | Unit 1962 |
| 14:04 | Create | Unit 1962 |
| 14:27 | Create | Villager (Male) |
| 14:49 | Create | Villager (Male) |
| 14:51 | Create | Unit 1962 |
| 15:03 | Build | Farm |
| 15:22 | Create | Unit 1962 |
| 15:26 | Build | House |
| 15:27 | Build | House |
| 15:37 | Create | Villager (Male) |
| 15:40 | Build | House |
| 15:41 | Build | House |
| 15:54 | Build | Farm |
| 16:18 | Create | Villager (Male) |
| 16:39 | Create | Unit 1962 |
| 16:43 | Build | Farm |
| 16:57 | Build | Farm |
| 17:03 | Create | Villager (Male) |
| 17:54 | Create | Villager (Male) |
| 17:59 | Create | Unit 1962 |
Build order — nono12
134 actions detected in the replay
| 0:00 | Create | Villager (Male) |
| 0:00 | Create | Villager (Male) |
| 0:00 | Create | Villager (Male) |
| 0:00 | Create | Villager (Male) |
| 0:00 | Create | Villager (Male) |
| 0:00 | Create | Villager (Male) |
| 0:00 | Create | Villager (Male) |
| 0:00 | Create | Villager (Male) |
| 0:00 | Create | Villager (Male) |
| 0:00 | Create | Villager (Male) |
| 0:04 | Build | House |
| 0:05 | Build | House |
| 1:17 | Create | Villager (Male) |
| 1:17 | Create | Villager (Male) |
| 1:17 | Create | Villager (Male) |
| 1:17 | Create | Villager (Male) |
| 1:17 | Create | Villager (Male) |
| 1:17 | Create | Villager (Male) |
| 1:17 | Create | Villager (Male) |
| 1:17 | Create | Villager (Male) |
| 1:17 | Create | Villager (Male) |
| 1:17 | Create | Villager (Male) |
| 1:43 | Create | Villager (Male) |
| 1:43 | Create | Villager (Male) |
| 1:43 | Create | Villager (Male) |
| 1:43 | Create | Villager (Male) |
| 1:43 | Create | Villager (Male) |
| 1:43 | Create | Villager (Male) |
| 1:43 | Create | Villager (Male) |
| 1:43 | Create | Villager (Male) |
| 1:43 | Create | Villager (Male) |
| 1:43 | Create | Villager (Male) |
| 1:53 | Build | House |
| 2:00 | Create | Villager (Male) |
| 2:26 | Build | Lumber Camp |
| 2:30 | Create | Villager (Male) |
| 2:49 | Create | Villager (Male) |
| 3:23 | Build | Palisade Wall |
| 3:47 | Create | Villager (Male) |
| 3:47 | Create | Villager (Male) |
| 3:55 | Build | Palisade Wall |
| 4:38 | Create | Villager (Male) |
| 4:46 | Build | Palisade Wall |
| 4:46 | Build | Palisade Wall |
| 4:47 | Build | Palisade Wall |
| 5:05 | Create | Villager (Male) |
| 5:05 | Create | Villager (Male) |
| 5:05 | Create | Villager (Male) |
| 5:05 | Create | Villager (Male) |
| 5:05 | Create | Villager (Male) |
| 5:05 | Create | Villager (Male) |
| 5:05 | Create | Villager (Male) |
| 5:05 | Create | Villager (Male) |
| 5:05 | Create | Villager (Male) |
| 5:05 | Create | Villager (Male) |
| 5:25 | Build | Palisade Wall |
| 5:31 | Create | Villager (Male) |
| 5:31 | Create | Villager (Male) |
| 5:31 | Create | Villager (Male) |
| 5:34 | Build | Mill |
| 5:59 | Build | Palisade Wall |
| 6:21 | Create | Villager (Male) |
| 6:21 | Research | Loom |
| 6:46 | Build | Palisade Wall |
| 7:28 | Build | Lumber Camp |
| 7:33 | Research | Feudal Age |
| 8:21 | Build | Mining Camp |
| 8:34 | Build | Palisade Wall |
| 8:48 | Build | Palisade Wall |
| 9:06 | Build | Barracks |
| 9:11 | Create | Villager (Male) |
| 9:31 | Build | House |
| 9:46 | Age | Feudal Age |
| 9:48 | Research | Town Watch |
| 9:54 | Build | Watch Tower |
| 10:08 | Build | Archery Range |
| 10:14 | Create | Villager (Male) |
| 10:41 | Create | Villager (Male) |
| 10:42 | Create | Villager (Male) |
| 10:48 | Build | Archery Range |
| 10:58 | Create | Archer |
| 10:59 | Create | Villager (Male) |
| 11:10 | Create | Villager (Male) |
| 11:18 | Create | Archer |
| 11:28 | Build | House |
| 11:38 | Create | Villager (Male) |
| 11:51 | Build | Blacksmith |
| 11:53 | Create | Villager (Male) |
| 11:59 | Build | Palisade Gate |
| 12:06 | Build | Farm |
| 12:31 | Create | Archer |
| 12:32 | Create | Archer |
| 12:38 | Build | House |
| 12:39 | Research | Fletching |
| 12:49 | Create | Villager (Male) |
| 12:50 | Create | Villager (Male) |
| 13:03 | Build | Market |
| 13:09 | Create | Archer |
| 13:25 | Create | Archer |
| 13:25 | Create | Archer |
| 13:31 | Build | Farm |
| 13:32 | Build | Farm |
| 13:40 | Create | Archer |
| 13:54 | Create | Archer |
| 14:05 | Create | Archer |
| 14:08 | Build | Farm |
| 14:19 | Build | House |
| 14:23 | Create | Villager (Male) |
| 14:26 | Create | Archer |
| 14:29 | Build | Farm |
| 14:55 | Create | Archer |
| 14:59 | Create | Villager (Male) |
| 15:02 | Build | House |
| 15:03 | Build | House |
| 15:08 | Build | House |
| 15:20 | Create | Archer |
| 15:20 | Create | Archer |
| 15:25 | Build | Farm |
| 15:30 | Create | Villager (Male) |
| 16:01 | Create | Archer |
| 16:01 | Create | Archer |
| 16:06 | Create | Villager (Male) |
| 16:07 | Build | Farm |
| 16:36 | Create | Archer |
| 16:37 | Create | Villager (Male) |
| 16:37 | Create | Villager (Male) |
| 16:37 | Create | Villager (Male) |
| 16:37 | Create | Villager (Male) |
| 16:37 | Create | Villager (Male) |
| 16:37 | Create | Villager (Male) |
| 16:37 | Create | Villager (Male) |
| 16:37 | Create | Villager (Male) |
| 16:37 | Create | Villager (Male) |
| 16:37 | Create | Villager (Male) |
Build order — Pelopincho
107 actions detected in the replay
| 0:02 | Create | Villager (Male) |
| 0:02 | Create | Villager (Male) |
| 0:03 | Create | Villager (Male) |
| 0:03 | Create | Villager (Male) |
| 0:04 | Build | House |
| 0:06 | Build | House |
| 1:27 | Create | Villager (Male) |
| 1:27 | Create | Villager (Male) |
| 1:56 | Build | Lumber Camp |
| 2:04 | Build | Lumber Camp |
| 2:07 | Create | Villager (Male) |
| 2:07 | Create | Villager (Male) |
| 2:26 | Create | Villager (Male) |
| 2:51 | Create | Villager (Male) |
| 3:09 | Build | House |
| 3:16 | Create | Villager (Male) |
| 3:16 | Create | Villager (Male) |
| 3:45 | Create | Villager (Male) |
| 4:11 | Create | Villager (Male) |
| 4:11 | Create | Villager (Male) |
| 4:11 | Create | Villager (Male) |
| 4:34 | Build | Mill |
| 5:15 | Create | Villager (Male) |
| 5:16 | Create | Villager (Male) |
| 5:53 | Research | Loom |
| 6:32 | Research | Feudal Age |
| 7:09 | Build | House |
| 7:38 | Build | Barracks |
| 7:42 | Create | Villager (Male) |
| 8:52 | Age | Feudal Age |
| 8:56 | Build | Stable |
| 9:01 | Research | Double-Bit Axe |
| 9:11 | Create | Villager (Male) |
| 9:20 | Create | Villager (Male) |
| 9:36 | Build | Farm |
| 9:36 | Build | Farm |
| 9:39 | Create | Scout Cavalry |
| 9:45 | Build | House |
| 9:52 | Build | Farm |
| 10:04 | Create | Scout Cavalry |
| 10:05 | Create | Villager (Male) |
| 10:28 | Create | Villager (Male) |
| 10:28 | Create | Scout Cavalry |
| 10:31 | Build | House |
| 10:39 | Create | Villager (Male) |
| 10:41 | Build | Farm |
| 10:44 | Build | Farm |
| 10:57 | Create | Scout Cavalry |
| 11:16 | Create | Villager (Male) |
| 11:17 | Create | Scout Cavalry |
| 11:21 | Build | Farm |
| 11:22 | Build | Farm |
| 11:22 | Build | Farm |
| 11:22 | Build | Farm |
| 11:22 | Build | Farm |
| 11:23 | Build | Farm |
| 11:29 | Build | House |
| 11:32 | Create | Villager (Male) |
| 11:43 | Create | Scout Cavalry |
| 12:05 | Create | Villager (Male) |
| 12:07 | Build | House |
| 12:12 | Build | Farm |
| 12:12 | Build | Farm |
| 12:13 | Build | Farm |
| 12:13 | Build | Farm |
| 12:15 | Create | Villager (Male) |
| 12:38 | Build | Blacksmith |
| 12:42 | Create | Scout Cavalry |
| 13:04 | Build | Farm |
| 13:04 | Build | Farm |
| 13:05 | Build | Farm |
| 13:05 | Build | Farm |
| 13:05 | Build | Farm |
| 13:11 | Create | Villager (Male) |
| 13:14 | Create | Scout Cavalry |
| 13:29 | Build | House |
| 13:30 | Build | House |
| 13:32 | Create | Villager (Male) |
| 13:37 | Build | Farm |
| 13:37 | Build | Farm |
| 13:38 | Build | Farm |
| 13:38 | Build | Farm |
| 13:38 | Build | Farm |
| 13:43 | Create | Villager (Male) |
| 13:58 | Create | Scout Cavalry |
| 14:09 | Create | Villager (Male) |
| 14:13 | Build | Farm |
| 14:13 | Build | Farm |
| 14:13 | Build | Farm |
| 14:37 | Create | Villager (Male) |
| 14:38 | Create | Scout Cavalry |
| 14:44 | Build | Mining Camp |
| 14:50 | Create | Scout Cavalry |
| 15:13 | Create | Villager (Male) |
| 15:28 | Create | Scout Cavalry |
| 15:29 | Create | Villager (Male) |
| 15:33 | Build | Farm |
| 15:33 | Build | Farm |
| 15:33 | Build | Farm |
| 15:33 | Build | Farm |
| 15:34 | Build | Farm |
| 15:34 | Build | Farm |
| 15:34 | Build | Farm |
| 15:45 | Research | Scale Barding Armor |
| 16:26 | Create | Villager (Male) |
| 16:48 | Create | Villager (Male) |
| 17:42 | Research | Wheelbarrow |
Build order — Fs.Bily
128 actions detected in the replay
| 0:01 | Create | Villager (Male) |
| 0:02 | Build | House |
| 0:03 | Build | House |
| 0:11 | Create | Villager (Male) |
| 0:11 | Create | Villager (Male) |
| 0:11 | Create | Villager (Male) |
| 0:12 | Create | Villager (Male) |
| 0:12 | Create | Villager (Male) |
| 1:31 | Create | Villager (Male) |
| 1:31 | Create | Villager (Male) |
| 1:31 | Create | Villager (Male) |
| 2:00 | Create | Villager (Male) |
| 2:00 | Create | Villager (Male) |
| 2:28 | Create | Villager (Male) |
| 2:28 | Create | Villager (Male) |
| 2:54 | Create | Villager (Male) |
| 2:54 | Create | Villager (Male) |
| 2:55 | Create | Villager (Male) |
| 3:23 | Build | Mill |
| 3:35 | Create | Villager (Male) |
| 3:35 | Create | Villager (Male) |
| 4:05 | Create | Villager (Male) |
| 4:09 | Build | House |
| 4:10 | Create | Villager (Male) |
| 4:10 | Create | Villager (Male) |
| 4:40 | Research | Loom |
| 4:40 | Research | Loom |
| 4:57 | Create | Villager (Male) |
| 5:19 | Create | Villager (Male) |
| 5:52 | Build | Mule Cart |
| 5:55 | Create | Villager (Male) |
| 6:14 | Research | Feudal Age |
| 7:22 | Create | Villager (Male) |
| 7:27 | Build | House |
| 7:30 | Create | Villager (Male) |
| 7:59 | Build | Barracks |
| 8:30 | Age | Feudal Age |
| 8:34 | Research | Double-Bit Axe |
| 8:49 | Build | Stable |
| 8:53 | Create | Villager (Male) |
| 9:30 | Create | Scout Cavalry |
| 9:30 | Create | Scout Cavalry |
| 9:30 | Create | Scout Cavalry |
| 9:30 | Create | Scout Cavalry |
| 9:32 | Create | Villager (Male) |
| 9:50 | Build | Stable |
| 10:03 | Create | Villager (Male) |
| 10:14 | Create | Villager (Male) |
| 10:24 | Build | House |
| 10:48 | Create | Scout Cavalry |
| 10:54 | Build | House |
| 10:59 | Research | Horse Collar |
| 11:04 | Create | Scout Cavalry |
| 11:04 | Create | Scout Cavalry |
| 11:18 | Create | Villager (Male) |
| 11:20 | Build | House |
| 11:22 | Build | Farm |
| 11:30 | Build | House |
| 11:49 | Create | Scout Cavalry |
| 11:49 | Create | Scout Cavalry |
| 11:51 | Build | Farm |
| 12:05 | Create | Scout Cavalry |
| 12:05 | Create | Scout Cavalry |
| 12:12 | Create | Villager (Male) |
| 12:13 | Create | Villager (Male) |
| 12:21 | Build | Farm |
| 12:23 | Build | Farm |
| 12:28 | Create | Scout Cavalry |
| 12:28 | Create | Scout Cavalry |
| 12:29 | Create | Scout Cavalry |
| 12:45 | Build | Farm |
| 12:45 | Create | Villager (Male) |
| 12:46 | Create | Villager (Male) |
| 12:46 | Create | Villager (Male) |
| 12:58 | Create | Villager (Male) |
| 12:58 | Create | Villager (Male) |
| 13:14 | Create | Scout Cavalry |
| 13:14 | Create | Scout Cavalry |
| 13:25 | Build | Farm |
| 13:29 | Create | Villager (Male) |
| 13:29 | Create | Villager (Male) |
| 13:31 | Build | Farm |
| 13:36 | Create | Scout Cavalry |
| 13:36 | Create | Scout Cavalry |
| 13:36 | Create | Scout Cavalry |
| 13:48 | Build | Farm |
| 13:50 | Create | Scout Cavalry |
| 13:50 | Create | Scout Cavalry |
| 14:08 | Create | Scout Cavalry |
| 14:08 | Create | Scout Cavalry |
| 14:30 | Create | Scout Cavalry |
| 14:30 | Create | Scout Cavalry |
| 14:33 | Create | Villager (Male) |
| 14:39 | Create | Villager (Male) |
| 14:43 | Build | Blacksmith |
| 14:59 | Create | Scout Cavalry |
| 14:59 | Create | Scout Cavalry |
| 14:59 | Create | Scout Cavalry |
| 15:28 | Create | Villager (Male) |
| 15:29 | Create | Villager (Male) |
| 15:32 | Research | Forging |
| 15:38 | Build | House |
| 15:43 | Create | Scout Cavalry |
| 15:43 | Create | Scout Cavalry |
| 15:54 | Create | Scout Cavalry |
| 15:54 | Create | Scout Cavalry |
| 15:54 | Create | Scout Cavalry |
| 16:06 | Build | Farm |
| 16:07 | Build | Farm |
| 16:07 | Build | Farm |
| 16:07 | Build | Farm |
| 16:07 | Build | Farm |
| 16:07 | Build | Farm |
| 16:39 | Create | Scout Cavalry |
| 16:39 | Create | Scout Cavalry |
| 16:39 | Create | Villager (Male) |
| 16:39 | Create | Villager (Male) |
| 16:45 | Build | Mule Cart |
| 16:55 | Build | Farm |
| 17:23 | Build | Farm |
| 17:34 | Create | Villager (Male) |
| 17:36 | Build | Farm |
| 17:45 | Create | Scout Cavalry |
| 17:45 | Create | Scout Cavalry |
| 17:45 | Create | Scout Cavalry |
| 17:54 | Create | Villager (Male) |
| 17:56 | Build | Farm |
| 18:03 | Build | House |
Build order — [CLB]PEGASO
100 actions detected in the replay
| 0:01 | Create | Villager (Male) |
| 0:02 | Build | House |
| 0:04 | Build | House |
| 0:09 | Create | Villager (Male) |
| 0:09 | Create | Villager (Male) |
| 0:13 | Create | Villager (Male) |
| 1:35 | Create | Villager (Male) |
| 2:01 | Build | Lumber Camp |
| 2:05 | Create | Villager (Male) |
| 2:06 | Create | Villager (Male) |
| 2:21 | Create | Villager (Male) |
| 2:22 | Create | Villager (Male) |
| 2:22 | Create | Villager (Male) |
| 2:53 | Create | Villager (Male) |
| 2:53 | Create | Villager (Male) |
| 2:54 | Create | Villager (Male) |
| 3:06 | Create | Villager (Male) |
| 3:07 | Create | Villager (Male) |
| 3:38 | Build | House |
| 3:44 | Create | Villager (Male) |
| 4:05 | Create | Villager (Male) |
| 4:05 | Create | Villager (Male) |
| 4:05 | Create | Villager (Male) |
| 4:08 | Build | House |
| 4:26 | Create | Villager (Male) |
| 4:46 | Create | Villager (Male) |
| 4:46 | Create | Villager (Male) |
| 5:09 | Create | Villager (Male) |
| 5:29 | Build | Mill |
| 5:50 | Create | Villager (Male) |
| 5:51 | Create | Villager (Male) |
| 6:33 | Research | Loom |
| 7:09 | Research | Feudal Age |
| 7:17 | Build | Barracks |
| 8:28 | Build | House |
| 8:35 | Create | Villager (Male) |
| 9:19 | Age | Feudal Age |
| 9:21 | Create | Villager (Male) |
| 9:24 | Build | Stable |
| 9:34 | Research | Double-Bit Axe |
| 9:46 | Create | Villager (Male) |
| 9:47 | Build | Farm |
| 9:51 | Build | Farm |
| 10:07 | Create | Villager (Male) |
| 10:08 | Create | Scout Cavalry |
| 10:08 | Create | Scout Cavalry |
| 10:19 | Build | Farm |
| 10:22 | Build | Farm |
| 10:32 | Build | Farm |
| 10:34 | Build | Farm |
| 10:37 | Create | Villager (Male) |
| 10:40 | Build | Farm |
| 10:49 | Create | Scout Cavalry |
| 11:20 | Create | Villager (Male) |
| 11:21 | Build | Farm |
| 11:27 | Create | Scout Cavalry |
| 11:33 | Build | Farm |
| 11:35 | Build | Farm |
| 11:41 | Build | Farm |
| 11:44 | Build | House |
| 11:55 | Build | Farm |
| 11:56 | Create | Villager (Male) |
| 12:01 | Build | House |
| 12:04 | Build | House |
| 12:06 | Build | House |
| 12:20 | Create | Villager (Male) |
| 12:25 | Research | Horse Collar |
| 12:25 | Research | Horse Collar |
| 12:27 | Create | Scout Cavalry |
| 12:34 | Build | House |
| 12:51 | Create | Villager (Male) |
| 12:53 | Create | Scout Cavalry |
| 13:03 | Build | House |
| 13:04 | Build | Palisade Wall |
| 13:15 | Create | Scout Cavalry |
| 13:18 | Create | Villager (Male) |
| 13:20 | Build | Farm |
| 13:23 | Build | Farm |
| 13:30 | Create | Villager (Male) |
| 13:43 | Build | House |
| 13:45 | Build | House |
| 14:03 | Create | Scout Cavalry |
| 14:08 | Create | Villager (Male) |
| 14:10 | Build | Blacksmith |
| 14:22 | Create | Scout Cavalry |
| 14:33 | Create | Villager (Male) |
| 14:49 | Create | Villager (Male) |
| 14:58 | Create | Villager (Male) |
| 15:02 | Research | Scale Barding Armor |
| 15:02 | Research | Scale Barding Armor |
| 15:05 | Build | Stable |
| 15:12 | Create | Villager (Male) |
| 15:31 | Build | House |
| 15:35 | Create | Scout Cavalry |
| 15:36 | Create | Scout Cavalry |
| 16:18 | Create | Scout Cavalry |
| 16:18 | Create | Scout Cavalry |
| 16:25 | Build | Palisade Wall |
| 16:29 | Build | Palisade Wall |
| 16:34 | Create | Villager (Male) |
Build order — Floripa
111 actions detected in the replay
| 0:00 | Create | Villager (Male) |
| 0:01 | Create | Villager (Male) |
| 0:02 | Build | House |
| 0:04 | Build | House |
| 0:19 | Create | Villager (Male) |
| 0:19 | Create | Villager (Male) |
| 0:19 | Create | Villager (Male) |
| 0:58 | Research | Loom |
| 1:00 | Create | Villager (Male) |
| 1:38 | Build | Palisade Wall |
| 1:40 | Build | House |
| 1:51 | Create | Villager (Male) |
| 1:56 | Create | Villager (Male) |
| 2:25 | Create | Villager (Male) |
| 3:05 | Create | Villager (Male) |
| 3:12 | Create | Villager (Male) |
| 3:25 | Create | Villager (Male) |
| 3:27 | Build | Lumber Camp |
| 3:39 | Create | Villager (Male) |
| 3:47 | Build | House |
| 3:57 | Create | Villager (Male) |
| 4:05 | Create | Villager (Male) |
| 4:23 | Build | House |
| 4:26 | Create | Villager (Male) |
| 4:37 | Create | Villager (Male) |
| 4:43 | Create | Villager (Male) |
| 5:01 | Create | Villager (Male) |
| 5:29 | Create | Villager (Male) |
| 5:40 | Create | Villager (Male) |
| 5:45 | Build | Mining Camp |
| 6:01 | Research | Feudal Age |
| 6:33 | Create | Villager (Male) |
| 7:01 | Build | House |
| 7:05 | Build | House |
| 7:31 | Build | Barracks |
| 8:11 | Age | Feudal Age |
| 8:13 | Create | Villager (Male) |
| 8:22 | Create | Villager (Male) |
| 8:30 | Build | Archery Range |
| 9:05 | Create | Villager (Male) |
| 9:07 | Create | Villager (Male) |
| 9:12 | Build | Archery Range |
| 9:14 | Create | Archer |
| 9:39 | Build | House |
| 9:43 | Create | Archer |
| 9:59 | Create | Archer |
| 10:04 | Create | Villager (Male) |
| 10:08 | Create | Villager (Male) |
| 10:10 | Create | Villager (Male) |
| 10:25 | Create | Archer |
| 10:25 | Create | Archer |
| 10:28 | Build | House |
| 10:33 | Create | Villager (Male) |
| 10:48 | Create | Archer |
| 11:01 | Build | House |
| 11:16 | Create | Archer |
| 11:18 | Create | Villager (Male) |
| 11:31 | Build | Blacksmith |
| 11:45 | Create | Villager (Male) |
| 11:46 | Create | Archer |
| 11:57 | Create | Archer |
| 12:05 | Create | Villager (Male) |
| 12:11 | Create | Villager (Male) |
| 12:14 | Build | House |
| 12:17 | Build | Palisade Wall |
| 12:23 | Create | Archer |
| 12:23 | Create | Archer |
| 12:37 | Build | Palisade Gate |
| 12:39 | Create | Archer |
| 12:49 | Create | Villager (Male) |
| 12:52 | Build | Mill |
| 12:59 | Build | House |
| 13:06 | Research | Fletching |
| 13:06 | Research | Fletching |
| 13:07 | Create | Archer |
| 13:16 | Create | Villager (Male) |
| 13:34 | Create | Archer |
| 13:35 | Create | Archer |
| 14:06 | Create | Archer |
| 14:06 | Create | Archer |
| 14:07 | Create | Villager (Male) |
| 14:08 | Create | Villager (Male) |
| 14:16 | Create | Villager (Male) |
| 14:23 | Build | House |
| 14:28 | Create | Archer |
| 14:28 | Create | Archer |
| 14:43 | Research | Padded Archer Armor |
| 14:43 | Research | Padded Archer Armor |
| 14:45 | Create | Archer |
| 15:00 | Build | Lumber Camp |
| 15:08 | Create | Villager (Male) |
| 15:23 | Create | Archer |
| 15:29 | Create | Archer |
| 15:45 | Create | Villager (Male) |
| 15:56 | Create | Villager (Male) |
| 15:57 | Build | Farm |
| 15:58 | Build | Farm |
| 16:35 | Create | Archer |
| 16:39 | Create | Villager (Male) |
| 16:41 | Build | Farm |
| 16:42 | Build | Farm |
| 17:28 | Create | Villager (Male) |
| 17:30 | Build | Farm |
| 17:31 | Build | Farm |
| 17:33 | Build | Farm |
| 17:47 | Build | Mining Camp |
| 17:48 | Create | Villager (Male) |
| 17:51 | Build | Farm |
| 17:53 | Build | Farm |
| 18:01 | Build | Farm |
| 18:02 | Create | Villager (Male) |
Match timeline
| 1:38 | Floripa · wall_segment Palisade Wall x1 |
| 3:23 | nono12 · wall_segment Palisade Wall x3 |
| 3:50 | Fs.Palada com Cabelo · wall_segment Palisade Wall x1 |
| 3:55 | nono12 · wall_segment Palisade Wall x6 |
| 4:46 | nono12 · wall_segment Palisade Wall x1 |
| 4:46 | nono12 · wall_segment Palisade Wall x1 |
| 4:47 | nono12 · wall_segment Palisade Wall x1 |
| 5:25 | nono12 · wall_segment Palisade Wall x3 |
| 5:59 | nono12 · wall_segment Palisade Wall x5 |
| 6:46 | nono12 · wall_segment Palisade Wall x1 |
| 7:17 | [CLB]PEGASO · first_building Barracks |
| 7:31 | Floripa · first_building Barracks |
| 7:38 | Pelopincho · first_building Barracks |
| 7:55 | CoSchiDo · first_building Barracks |
| 7:58 | CoSchiDo · age_up feudal |
| 7:59 | Fs.Bily · first_building Barracks |
| 8:11 | Floripa · age_up feudal |
| 8:30 | Floripa · first_building Archery Range |
| 8:30 | Fs.Maju · first_building Barracks |
| 8:30 | Fs.Bily · age_up feudal |
| 8:34 | nono12 · wall_segment Palisade Wall x1 |
| 8:48 | nono12 · wall_segment Palisade Wall x2 |
| 8:49 | Fs.Bily · first_building Stable |
| 8:52 | Pelopincho · age_up feudal |
| 8:56 | Pelopincho · first_building Stable |
| 9:06 | nono12 · first_building Barracks |
| 9:16 | Fs.Palada com Cabelo · age_up feudal |
| 9:18 | Fs.Maju · age_up feudal |
| 9:19 | [CLB]PEGASO · age_up feudal |
| 9:24 | [CLB]PEGASO · first_building Stable |
| 9:25 | CoSchiDo · first_building Archery Range |
| 9:26 | Fs.Maju · first_building Stable |
| 9:46 | nono12 · age_up feudal |
| 10:08 | nono12 · first_building Archery Range |
| 10:14 | Fs.Palada com Cabelo · first_market_sell 100 stone |
| 11:57 | CoSchiDo · wall_segment Palisade Wall x7 |
| 12:17 | Floripa · wall_segment Palisade Wall x8 |
| 12:29 | CoSchiDo · wall_segment Palisade Wall x1 |
| 12:46 | Fs.Maju · wall_segment Palisade Wall x2 |
| 12:55 | Fs.Palada com Cabelo · age_up castle |
| 13:02 | Fs.Palada com Cabelo · first_building Siege Workshop |
| 13:04 | [CLB]PEGASO · wall_segment Palisade Wall x10 |
| 13:22 | CoSchiDo · wall_segment Palisade Wall x10 |
| 13:42 | CoSchiDo · wall_segment Palisade Wall x1 |
| 16:25 | [CLB]PEGASO · wall_segment Palisade Wall x1 |
| 16:29 | [CLB]PEGASO · wall_segment Palisade Wall x1 |
| 16:43 | [CLB]PEGASO · resign |
[ AI ANALYSIS · 1 CREDIT ]
What really happened in this match?
Wolo.gg analyzes every decision: build order, eco, micro, common mistakes by bracket. Personalized analysis on WhatsApp or Discord in 30 seconds.
Civ guide
Franks
Perfil
Jugador #2324516